 Dungeon Crawl Stone Soup version 0.27-a0-1287-gca74d27db6 (webtiles) character file.

Game seed: 9441915706075515798

19940 spiderkeys the Spear-Bearer (level 12, -10/100 HPs)
             Began as a Merfolk Abyssal Knight on June 14, 2021.
             Was a High Priest of Lugonu.
             Mangled by a sun demon (17 damage)
             ... summoned by an orc high priest
             ... on level 2 of the Orcish Mines.
             The game lasted 00:46:04 (22844 turns).

spiderkeys the Spear-Bearer (MfAK)                 Turns: 22844, Time: 00:46:05

Health: -10/100    AC:  6    Str: 17    XL:     12   Next: 74%
Magic:  20/20      EV: 17    Int: 15    God:    Lugonu [*****.]
Gold:   681        SH: 10    Dex: 13    Spells: 4/11 levels left

rFire    . . .     SeeInvis +   a - +2 spear (freeze)
rCold    . . .     Faith    .   O - +2 buckler
rNeg     + . .     Spirit   .   x - +0 steam dragon scales
rPois    .         Reflect  +   M - +0 hat {Int+3}
rElec    .         Harm     .   l - +2 cloak
rCorr    .         Rampage  .   w - +1 pair of gloves
Will     .....                  (no boots)
Stlth    +.........             J - amulet of reflection
HPRegen  0.26/turn              N - ring of positive energy
MPRegen  0.17/turn              v - ring of see invisible

@: corroded
A: (nimble swimmer 2), mertail
a: Renounce Religion, Depart the Abyss, Bend Space, Banish, Corrupt, Enter the
Abyss


You were on level 2 of the Orcish Mines.
You worshipped Lugonu.
Lugonu was extremely pleased with you.
You visited 2 branches of the dungeon, and saw 13 of its levels.
You visited the Abyss 1 time.

You collected 1280 gold pieces.
You spent 599 gold pieces at shops.


Innate Abilities, Weirdness & Mutations

((You are quick and stealthy near water. (Stealth+, EV+, Speed+++)))
Your lower body shifts to a powerful aquatic tail in water.


   Skills:
 + Level 11.0 Fighting
 + Level 13.5 Polearms
 - Level 0.6 Armour
 + Level 12.6 Dodging
 - Level 10.0 Transmutations
 + Level 10.8 Invocations


You had 4 spell levels left.
You knew the following spells:

 Your Spells              Type           Power      Damage    Failure   Level
b - Beastly Appendage     Tmut           60%        N/A       1%          1
s - Statue Form           Tmut/Erth      10%        N/A       100%        6

Your spell library contained the following spells:

 Spells                   Type           Power      Damage    Failure   Level
 Wereblood                Tmut           30%        N/A       1%          2
 Spider Form              Tmut/Pois      7%         N/A       17%         3
 Magic Dart               Conj           0%         1d3       41%         1
 Ice Form                 Ice/Tmut       15%        N/A       50%         4
 Blink                    Tloc           N/A        N/A       56%         2
 Call Imp                 Summ           0%         N/A       56%         2
 Slow                     Hex            0%         N/A       56%         2
 Conjure Flame            Conj/Fire      0%         6-21      80%         3
 Mephitic Cloud           Conj/Pois/Air  0%         N/A       80%         3
 Animate Armour           Summ/Erth      0%         N/A       99%         4
 Animate Dead             Necr           0%         N/A       99%         4
 Leda's Liquefaction      Hex/Erth       0%         N/A       99%         4
 Bolt of Magma            Conj/Fire/Erth 0%         4d4       100%        5
 Borgnjor's Vile Clutch   Necr/Erth      0%         N/A       100%        5
 Death Channel            Necr           0%         N/A       100%        6
 Iron Shot                Conj/Erth      0%         9d1       100%        6
 Simulacrum               Ice/Necr       0%         N/A       100%        6
 Shatter                  Erth           0%         3d5*      100%        9

Inventory:

Hand Weapons
 a - a +2 spear of freezing (weapon)
Missiles
 d - 5 atropa-tipped darts
 p - a curare-tipped dart {=f}
 q - 2 throwing nets {=f!f}
 u - 6 poisoned darts
 z - 4 datura-tipped darts
Armour
 l - a +2 cloak (worn)
   (You took it off Crazy Yiuf on level 2 of the Dungeon)
 w - a +1 pair of gloves (worn)
   (You found it on level 6 of the Dungeon)
 x - +0 steam dragon scales (worn)
   (You took it off Maggie on level 6 of the Dungeon)
 M - a +0 hat of intelligence (worn)
   (You bought it in a shop on level 5 of the Dungeon)
 O - a +2 buckler (worn)
   (You bought it in a shop on level 5 of the Dungeon)
Magical Staves
 E - a staff of death {!a}
   (You found it on level 10 of the Dungeon)
Jewellery
 v - a ring of see invisible (right hand)
   (You found it on level 5 of the Dungeon)
 G - an amulet of guardian spirit
   (You found it on level 9 of the Dungeon)
 J - an amulet of reflection (around neck)
   (You found it on level 11 of the Dungeon)
 L - a ring of flight
   (You found it on level 9 of the Dungeon)
 N - a ring of positive energy (left hand)
   (You found it on level 1 of the Dungeon)
 T - an amulet of faith {!P}
   (You found it on level 8 of the Dungeon)
Wands
 b - a wand of charming (7)
   (You took it off a gnoll sergeant on level 7 of the Dungeon)
 j - a wand of flame (11)
   (You found it on level 7 of the Dungeon)
 F - a wand of mindburst (5)
   (You found it on level 11 of the Dungeon)
Scrolls
 e - a scroll of holy word
 f - 2 scrolls of magic mapping {!r}
 g - 2 scrolls of enchant weapon
 i - 3 scrolls of teleportation {@r4}
 n - 2 scrolls of fear
 r - a scroll of fog
 B - 2 scrolls of vulnerability {!r!r}
 I - a scroll of immolation {!r!r}
Potions
 c - 3 potions of ambrosia
 h - a potion of lignification {!q}
 k - 5 potions of curing {@q1}
 m - a potion of flight
 o - a potion of heal wounds {@q2}
 s - a potion of mutation {!q}
 t - a potion of haste {@q3}
 A - a potion of cancellation {unknown}
 C - 2 potions of might
 D - a potion of invisibility {unknown}
 H - a potion of magic {unknown}
 K - a potion of berserk rage {unknown}

Dungeon Overview and Level Annotations

Branches:
Dungeon (11/15)            Temple (0/1) D:6            Lair (0/6) D:11
    Orc (2/2) D:11            Elf (0/3) Orc:2

Altars:
Cheibriados
Hepliaklqana
Kikubaaqudgha
Nemelex Xobeh
Okawaru
Uskayaw
Vehumet
Xom
Zin
Beogh

Shops:
D:5 [   D:10 =

Annotations:
Orc:2 1 runed translucent door, Cyko's ghost, journeyman FeBe

(#ยงยง##...#...#...............#
#(ยงยง.##......##..............#
......#.....................##
$............................#
.............................#
............................##
.....o...##.(...[............#
#.#....4..##...4.............#
.###.......#..o3@[..........##
.###...)............##......#
..#.........[........##....##
.......[)..#....#.#.####..##
...........#......##.##....#
........).............##..##
.....)................#####
.............#.#...#..#,**
..............###.##,,,,,*


You could see an orc high priest (poisoned, slow), a sun demon (summoned) and a
rust devil (summoned).


Message History

You hit the orc warrior but do no damage.
You hit the orc warrior but do no damage.
You block the orc warrior's attack.
You hit the orc warrior but do no damage.
You block the orc warrior's attack.
You hit the orc warrior. You freeze the orc warrior.
You hit the orc warrior but do no damage.
The orc warrior misses you.
You closely miss the orc warrior. ๐Ÿ˜• HP[+1]
You barely miss the orc warrior. You block the orc warrior's attack.
You hit the orc warrior but do no damage.
You puncture the orc warrior! You freeze the orc warrior.
You block the orc warrior's attack.
You hit the orc warrior but do no damage.
You block the orc warrior's attack.
You completely miss the orc warrior. You barely miss the orc warrior.
You block the orc warrior's attack. ๐Ÿ˜• HP[+1]
You hit the orc warrior but do no damage.
You hit the orc warrior but do no damage.
The orc warrior hits you with a +3 short sword! ๐Ÿ˜ฎ HP[-10]
You take 10 damage, and now have 72/100 hp.
You barely miss the orc warrior. The orc warrior closely misses you.
You hit the orc warrior. You freeze the orc warrior.
You kill the orc warrior!
Lugonu accepts your kill.
Items here: )) [[.
There is a stone staircase leading down, spattered with blood here. ๐Ÿ˜ฎ HP[+1]
You start resting. ๐Ÿ˜Ž HP[+27]
Your hp is fully restored (100).
You climb downwards.
Level annotation: 1 runed translucent door, Cyko's ghost, journeyman FeBe
There is a stone staircase leading up here.
The orc high priest mumbles some strange prayers to Beogh against you.
Pain shoots through your body!
Things that are here:
4 boomerangs of dispersal {=f!f}; a +2 dagger of venom ๐Ÿ˜• HP[-3]
You take 3 damage, and now have 97/100 hp.
The orc high priest calls down the wrath of Beogh upon you.
Pain shoots through your body! ๐Ÿ˜• HP[-2]
You take 2 damage, and now have 95/100 hp.
You puncture the orc high priest! You freeze the orc high priest.
You hit the orc high priest. You freeze the orc high priest.
You block the orc high priest's attack.
You hit the orc high priest but do no damage. ๐Ÿ˜• HP[+1]
You hit the orc high priest but do no damage.
The orc high priest hits you with a +0 flail! ๐Ÿ˜• HP[-11]
You take 11 damage, and now have 85/100 hp.
You hit the orc high priest. You freeze the orc high priest.
You hit the orc high priest. You freeze the orc high priest.
The orc high priest closely misses you.
You closely miss the orc high priest.
The orc high priest mumbles some strange prayers to Beogh.
You hit the orc high priest but do no damage.
You hit the orc high priest but do no damage.
The orc high priest barely misses you. ๐Ÿ˜• HP[+1]
You barely miss the orc high priest.
Throw: 2 darts (curare) {=f}
Press: ? - help, Shift-Dir - straight line, f - orc high priest
Aim: an orc high priest, wielding a +0 flail and wearing a +0 scale mail (moderately wounded, 60% to hit)
You throw a curare-tipped dart {=f}.
The curare-tipped dart {=f} hits the orc high priest.
The orc high priest is poisoned.
The orc high priest convulses.
The orc high priest seems to slow down.
The orc high priest barely misses you. The sun demon hits you.
You are engulfed in flames!
You block the rust devil's attack. ๐Ÿ˜ฎ HP[-13]
You take 13 damage, and now have 73/100 hp.
You hit the orc high priest. You freeze the orc high priest.
You block the sun demon's attack. You block the orc high priest's attack.
You hit the orc high priest. You freeze the orc high priest.
The rust devil hits you.
The rust devil corrodes you! ๐Ÿ˜ฎ HP[-1]
You take 1 damage, and now have 72/100 hp.
You hit the orc high priest but do no damage.
The sun demon hits you but does no damage.
You hit the orc high priest but do no damage.
You block the orc high priest's attack. You block the rust devil's attack.
The sun demon hits you!!
You are engulfed in flames!
* * * LOW HITPOINT WARNING * * *
๐Ÿ˜จ HP[-36]
You take 36 damage, and now have 36/100 hp.
MASSIVE DAMAGE!! (PAUSE)
You block the sun demon's attack.
There is a stone staircase leading up here.
The sun demon hits you!!
* * * LOW HITPOINT WARNING * * *
You are engulfed in flames!
* * * LOW HITPOINT WARNING * * *
You block the rust devil's attack. The sun demon hits you!
You die...

Skill      XL: |  1  2  3  4  5  6  7  8  9 10 11 12 |
---------------+-------------------------------------+-----
Dodging        | 3 4 5 7 9 10 11 12 | 12.6
Transmutations | 1 2 3 4 5 6 8 10 | 10.0
Polearms       | 4 5 6 8 9 11 12 13 | 13.5
Fighting       | 4 5 6 8 9 10 11 | 11.0
Invocations    | 3 4 6 7 8 9 10 | 10.8
Armour         | |  0.6

Action                   |  1- 3 |  4- 6 |  7- 9 | 10-12 || total
-------------------------+-------+-------+-------+-------++-------
Melee: Spear             |    75 |   223 |   565 |  1272 ||  2135
       Headbutt          |       |       |       |    23 ||    23
Throw: Dart              |       |       |    37 |   106 ||   143
 Cast: Beastly Appendage |       |       |       |     5 ||     5
Invok: Depart the Abyss  |     1 |       |       |       ||     1
       Bend Space        |       |       |     2 |     1 ||     3
       Banish            |       |       |       |     3 ||     3
Evoke: Wand              |       |       |     2 |    31 ||    33
  Use: Scroll            |     5 |     7 |     2 |     9 ||    23
       Potion            |       |     2 |     1 |     4 ||     7
 Stab: Sleeping          |     1 |       |       |       ||     1
       Distracted        |       |       |     1 |       ||     1
Armor: Leather armour    |    16 |    31 |       |       ||    47
       Ring mail         |       |       |   128 |       ||   128
       Steam dragon scal |       |       |    16 |   155 ||   171
Dodge: Dodged            |    39 |    88 |   238 |   504 ||   869
Block: Buckler           |       |       |       |   241 ||   241
       Other             |       |       |       |     1 ||     1
       Reflection        |       |       |       |     3 ||     3

Levels and vault maps discovered:
D:1:      minmay_arrival_open_corners, layout_basic,
          ebering_ecumenical_altar_mist
D:2:      layout_loops_ring, basic_altar, wad_floor_pattern_2,
          uniq_crazy_yiuf_cottage, uniq_natasha
D:3:      kennysheep_big_flooded_room, layout_basic
D:4:      layout_loops_ring
D:5:      layout_cave_pods, serial_shops, shop, serial_gnoll_camp,
          gnoll_camp_mini_house, gnoll_camp_mini_house, gnoll_camp_mini_hut,
          gnoll_camp_mini_house, uniq_sigmund
D:6:      layout_basic, kennysheep_slug_shrine,
          minmay_temple_entry_enclosed_plants, uniq_menkaure, uniq_grinder,
          uniq_maggie
D:7:      layout_cave_pools, amcnicky_altar_gilded, lemuel_crystal_altar
D:8:      layout_cave_pools, kiku_gazebo_garden_becter,
          nicolae_overflow_hidden_temple, serial_column_ruins,
          column_ruins_temple_hall, column_ruins_columns_corner,
          column_ruins_open_medium, column_ruins_columns_straight,
          column_ruins_columns_straight, column_ruins_grid_1, uniq_joseph,
          uniq_grum
D:9:      layout_basic, nemelex_xobeh_ov_fountains_minmay
D:10:     layout_rooms, serial_shops, nicolae_shop_waterfront
D:11:     layout_basic, dpeg_lair_monsters, david_orc_5, led_xom_imps
Orc:1:    layout_diamond_mine, uniq_sonja
Orc:2:    st_orc_mages, layout_caves, ebering_ghost_inner_flame

Notes
Turn   | Place    | Note
-------+----------+-------------------------------------------
     0 | Abyss:1  | spiderkeys the Merfolk Abyssal Knight began the quest for
                  | the Orb.
     0 | Abyss:1  | Reached XP level 1. HP: 18/18 MP: 2/2
     0 | Abyss:1  | magus.rc [v1.9.10]
     2 | Abyss:1  | Found a corrupted altar of Lugonu.
   106 | Abyss:3  | Noticed a thrashing horror
   107 | D:1      | You pass through the gate.
   107 | D:1      | Escaped the Abyss
   168 | D:1      | Reached * piety under Lugonu
   300 | D:1      | Reached skill level 3 in Dodging
   300 | D:1      | Reached XP level 2. HP: 24/24 MP: 3/3
   397 | D:1      | Found a faded altar of an unknown god.
   640 | D:1      | Reached XP level 3. HP: 26/29 MP: 4/4
   685 | D:1      | You pick up a book of Changes and begin reading...
   685 | D:1      | You add the spells Beastly Appendage, Wereblood, Spider
                  | Form and Ice Form to your library.
   717 | D:1      | Learned a level 1 spell: Beastly Appendage
   779 | D:2      | Found a runed translucent door.
   780 | D:2      | Noticed Crazy Yiuf
   870 | D:2      | Reached skill level 1 in Transmutations
   870 | D:2      | Reached XP level 4. HP: 31/37 MP: 4/6
  1011 | D:2      | Noticed Natasha
  1021 | D:2      | Reached ** piety under Lugonu
  1026 | D:2      | Killed Natasha
  1027 | D:2      | Reached skill level 4 in Polearms
  1146 | D:2      | Noticed Natasha
  1155 | D:2      | Killed Natasha
  1156 | D:2      | Reached skill level 4 in Fighting
  1156 | D:2      | Reached skill level 3 in Invocations
  1274 | D:2      | Found a glowing silver altar of Zin.
  1309 | D:2      | Reached XP level 5. HP: 42/42 MP: 7/7
  1314 | D:2      | Reached skill level 2 in Transmutations
  1319 | D:2      | Reached skill level 4 in Dodging
  1503 | D:2      | Noticed Natasha
  1526 | D:2      | Killed Natasha
  2175 | D:3      | Reached XP level 6. HP: 32/49 MP: 8/8
  2613 | D:3      | Reached skill level 5 in Polearms
  2619 | D:3      | Reached skill level 3 in Transmutations
  3348 | D:4      | Reached *** piety under Lugonu
  3698 | D:5      | Entered Level 5 of the Dungeon
  3754 | D:5      | Noticed a sky beast
  3769 | D:5      | Killed a sky beast
  3770 | D:5      | Reached skill level 5 in Dodging
  3770 | D:5      | Reached skill level 4 in Invocations
  3770 | D:5      | Reached XP level 7. HP: 47/55 MP: 8/10
  4085 | D:5      | Reached skill level 5 in Fighting
  4281 | D:5      | Reached skill level 4 in Transmutations
  5151 | D:5      | Noticed a yak
  5153 | D:5      | Noticed a yak
  5170 | D:5      | Noticed a yak
  5173 | D:5      | Noticed a yak
  5214 | D:4      | HP: 13/56 [yak (5)]
  5230 | D:4      | HP: 13/56 [yak (3)]
  5231 | D:4      | Killed a yak
  5232 | D:4      | Reached skill level 6 in Polearms
  5636 | D:2      | Killed Crazy Yiuf
  5637 | D:2      | Reached XP level 8. HP: 63/63 MP: 11/11
  5872 | D:5      | HP: 13/63 [gnoll (6)]
  6269 | D:5      | Found Hoel's Antique Armour Boutique.
  6274 | D:5      | You pick up a book of the Earth and begin reading...
  6274 | D:5      | You add the spells Animate Armour, Leda's Liquefaction,
                  | Bolt of Magma, Statue Form, Iron Shot and Shatter to your
                  | library.
  6310 | D:5      | Reached skill level 6 in Dodging
  6475 | D:5      | Reached skill level 5 in Transmutations
  6619 | D:5      | Reached skill level 5 in Invocations
  6930 | D:5      | Noticed Sigmund
  7254 | D:5      | Reached skill level 7 in Polearms
  7324 | D:5      | Killed Sigmund
  7325 | D:5      | Reached skill level 6 in Fighting
  7664 | D:6      | Noticed Menkaure
  7723 | D:6      | Killed Menkaure
  7724 | D:6      | Reached skill level 7 in Dodging
  7810 | D:6      | Noticed Grinder
  8014 | D:6      | Paralysed by Grinder for 3 turns
  8019 | D:6      | Killed Grinder
  8020 | D:6      | Reached skill level 8 in Polearms
  8020 | D:6      | Reached skill level 6 in Invocations
  8020 | D:6      | Reached XP level 9. HP: 31/71 MP: 13/13
  8568 | D:6      | HP: 17/71 [orc priest/divine providence (9)]
  8941 | D:6      | Reached skill level 7 in Fighting
  9004 | D:6      | Reached skill level 8 in Dodging
  9342 | D:6      | Noticed Maggie
  9368 | D:6      | Killed Maggie
  9369 | D:6      | Reached skill level 9 in Polearms
  9616 | D:6      | Found a staircase to the Ecumenical Temple.
  9738 | D:6      | Found a snail-covered altar of Cheibriados.
  9934 | D:7      | Reached skill level 7 in Invocations
 10389 | D:7      | Found a hazy altar of Hepliaklqana.
 10814 | D:7      | Found a radiant altar of Vehumet.
 10859 | D:8      | Found a faded altar of an unknown god.
 10865 | D:8      | Noticed Joseph
 10885 | D:8      | Killed Joseph
 10886 | D:8      | Reached skill level 8 in Fighting
 10886 | D:8      | Reached skill level 9 in Dodging
 10886 | D:8      | Reached XP level 10. HP: 49/80 MP: 15/15
 10932 | D:8      | Reached **** piety under Lugonu
 10957 | D:8      | Noticed Grum
 10972 | D:7      | Reached skill level 10 in Polearms
 11133 | D:8      | Killed Grum
 11642 | D:8      | Found an ancient bone altar of Kikubaaqudgha.
 11938 | D:8      | Found an iron altar of Okawaru.
 11974 | D:8      | Reached skill level 8 in Invocations
 12241 | D:8      | You pick up a book of Minor Magic and begin reading...
 12241 | D:8      | You add the spells Magic Dart, Blink, Call Imp, Slow,
                  | Conjure Flame and Mephitic Cloud to your library.
 12249 | D:8      | Learned a level 6 spell: Statue Form
 12394 | D:8      | Found a glowing silver altar of Zin.
 12397 | D:8      | Found a hide-covered altar of Uskayaw.
 13298 | D:9      | Found a sparkling altar of Nemelex Xobeh.
 13370 | D:9      | You pick up a book of Unlife and begin reading...
 13370 | D:9      | You add the spells Animate Dead, Borgnjor's Vile Clutch,
                  | Death Channel and Simulacrum to your library.
 13510 | D:9      | Noticed a two-headed ogre
 13583 | D:9      | Killed a two-headed ogre
 13584 | D:9      | Reached skill level 11 in Polearms
 13584 | D:9      | Reached skill level 10 in Dodging
 13584 | D:9      | Reached skill level 6 in Transmutations
 13906 | D:9      | Reached skill level 9 in Fighting
 13987 | D:9      | Reached ***** piety under Lugonu
 13993 | D:9      | Reached XP level 11. HP: 26/89 MP: 7/17
 14357 | D:10     | Entered Level 10 of the Dungeon
 14936 | D:10     | Found Vamatem's Jewellery Shop.
 14994 | D:10     | Reached skill level 9 in Invocations
 15024 | D:10     | Reached skill level 7 in Transmutations
 15026 | D:10     | HP: 21/89 [poisoned by a hornet]
 16040 | D:11     | Noticed an orc knight
 16130 | D:11     | Killed an orc knight
 16332 | D:11     | Found a staircase to the Orcish Mines.
 16805 | D:11     | Found a staircase to the Lair.
 16807 | D:11     | Noticed a death yak
 16807 | D:11     | Noticed a death yak
 16807 | D:11     | Noticed a death yak
 16808 | D:11     | Noticed a death yak
 16809 | D:11     | Noticed a death yak
 17031 | D:11     | Found a shimmering altar of Xom.
 17120 | D:11     | Noticed a death yak
 17151 | D:11     | Killed a death yak
 17152 | D:11     | Reached skill level 11 in Dodging
 17194 | D:11     | Killed a death yak
 17195 | D:11     | Reached skill level 12 in Polearms
 17435 | D:11     | Noticed a death yak
 17602 | D:5      | Bought a pair of spiked boots for 237 gold pieces
 17602 | D:5      | Identified the -5 pair of boots "Vaphaut" {rCorr} (You
                  | bought it in a shop on level 5 of the Dungeon)
 17602 | D:5      | Bought a glowing buckler for 187 gold pieces
 17774 | D:11     | Killed a death yak
 17775 | D:11     | Reached skill level 8 in Transmutations
 17783 | D:11     | Reached skill level 10 in Fighting
 17783 | D:11     | Killed a death yak
 18065 | D:10     | Killed a death yak
 18312 | D:11     | Killed a death yak
 18313 | D:11     | Reached XP level 12. HP: 76/97 MP: 17/19
 18349 | D:11     | Killed a death yak
 18350 | D:11     | Reached skill level 10 in Invocations
 18688 | D:11     | Reached skill level 9 in Transmutations
 18826 | Orc:1    | Entered Level 1 of the Orcish Mines
 19163 | D:5      | Bought a glowing hat for 175 gold pieces
 19602 | Orc:2    | Entered Level 2 of the Orcish Mines
 19639 | Orc:2    | Paralysed by an orc sorcerer for 6 turns
 19644 | Orc:2    | Noticed a soul eater
 19649 | Orc:1    | Reached skill level 12 in Dodging
 19667 | D:11     | HP: 23/98 [orc warrior (6)]
 19673 | D:11     | HP: 20/98 [warg[an orc knight] (5)]
 19678 | D:11     | HP: 14/98 [orc warrior (6)]
 20401 | Orc:2    | Reached skill level 13 in Polearms
 20620 | Orc:2    | Found a staircase to the Elven Halls.
 20756 | Orc:2    | HP: 21/99 [orc priest/divine providence (13)]
 20860 | Orc:2    | HP: 9/96 [orc sorcerer/bolt of fire (25)]
 20863 | Orc:2    | Paralysed by an orc sorcerer for 3 turns
 20866 | Orc:2    | HP: 23/96 [orc sorcerer (5)]
 20958 | Orc:2    | HP: 18/99 [orc warrior (7)]
 21586 | Orc:2    | Found a runed translucent door.
 21930 | Orc:2    | Noticed Cyko's ghost (journeyman FeBe)
 21980 | Orc:2    | Noticed an orc high priest
 21996 | Orc:2    | Noticed a soul eater
 21996 | Orc:2    | Killed an orc high priest
 22052 | Orc:2    | Noticed an orc high priest
 22061 | Orc:2    | Killed an orc high priest
 22124 | Orc:2    | Noticed an orc high priest
 22149 | Orc:2    | Noticed a soul eater
 22153 | Orc:2    | Killed an orc high priest
 22154 | Orc:2    | Reached skill level 11 in Fighting
 22154 | Orc:2    | Reached skill level 10 in Transmutations
 22493 | Orc:2    | Noticed an orc high priest
 22833 | Orc:2    | Noticed a sun demon
 22844 | Orc:2    | HP: 18/100 [sun demon[an orc high priest] (19)]
 22844 | Orc:2    | HP: 7/100 [sun demon[an orc high priest] (11)]
 22844 | Orc:2    | Mangled by a sun demon

Vanquished Creatures
  A two-headed ogre (D:9)
  3 orc high priests (Orc:2)
  7 death yaks
  2 orc knights
  2 orc sorcerers
  Joseph (D:8)
  Maggie (D:6)
  3 trolls
  A hornet (D:10)
  Grinder (D:6)
  A shadow (D:11)
  Sigmund (D:5)
  2 wyverns
  Grum (D:8)
  13 yaks
  A steam dragon (D:7)
  3 wargs
  Menkaure (D:6)
  An acid dragon (D:11)
  17 orc warriors
  2 sky beasts
  A black bear (D:7)
  An ice beast (D:6)
  2 ogres
  2 wolves (D:7)
  6 centaurs
  A phantom (D:4)
  2 bullfrogs
  2 kobold brigands
  3 gnoll sergeants
  2 scorpions
  6 killer bees (D:10)
  5 wights
  A howler monkey (D:6)
  A bullfrog zombie (D:6)
  A centaur zombie (D:6)
  3 crimson imps (D:11)
  6 hounds
  A centaur skeleton (D:7)
  A jelly (D:7)
  Crazy Yiuf (D:2)
  5 gnoll shamans
  24 orc priests
  4 iguanas
  Natasha (thrice) (D:2)
  16 orc wizards
  A hound skeleton (D:4)
  3 howler monkey zombies
  28 gnolls
  A howler monkey skeleton (D:7)
  4 adders
  2 white imps (D:7)
  An adder skeleton (D:4)
  2 dart slugs
  76 orcs
  5 endoplasms
  A giant cockroach (D:4)
  4 goblins
  7 hobgoblins
  3 jackals (D:4)
  3 quokkas
  7 ball pythons
  8 bats
  3 frilled lizards
  17 kobolds
  10 rats
351 creatures vanquished.

Vanquished Creatures (others)
  An orc wizard (Orc:2)
  A gnoll (D:8)
2 creatures vanquished.

Grand Total: 353 creatures vanquished

Table legend:
 A = Non-vault XP
 B = Vault XP
 C = Vault XP percentage of total XP
 D = Non-vault monster count
 E = Vault monster count
 F = Vault count percentage of total count
                 A         B        C        D         E       F
            +---------+---------+-------+---------+---------+-------
      Total |   14608 |   13878 |  48.7 |     265 |      88 |  24.9
            +---------+---------+-------+---------+---------+-------
        D:1 |      34 |       0 |   0.0 |      23 |       0 |   0.0
        D:2 |     202 |      75 |  27.1 |      27 |       2 |   6.9
        D:3 |     187 |       3 |   1.6 |      12 |       2 |  14.3
        D:4 |     477 |      69 |  12.6 |      19 |       3 |  13.6
        D:5 |     353 |     557 |  61.2 |      15 |      11 |  42.3
        D:6 |     882 |     833 |  48.6 |      26 |       4 |  13.3
        D:7 |     991 |     234 |  19.1 |      18 |       2 |  10.0
        D:8 |     634 |     680 |  51.8 |      17 |       2 |  10.5
        D:9 |    3339 |       0 |   0.0 |      32 |       0 |   0.0
       D:10 |     953 |    1006 |  51.4 |      12 |       2 |  14.3
       D:11 |    2950 |    6299 |  68.1 |      19 |      31 |  62.0
      Orc:1 |    2054 |     177 |   7.9 |      33 |       2 |   5.7
      Orc:2 |    1552 |    3945 |  71.8 |      12 |      27 |  69.2
            +---------+---------+-------+---------+---------+-------

Illustrated notes

Table legend:
 A = Kills in this place as a percentage of kills in entire the game.
 B = Kills by you in this place as a percentage of kills by you in the entire game.
 C = Kills by friends in this place as a percentage of kills by friends in the entire game.
 D = Other kills in this place as a percentage of other kills in the entire game.
 E = Experience gained in this place as a percentage of experience gained in the entire game.
 F = Experience gained in this place divided by the number of levels of this place that you have seen.
                   A       B       C       D       E      F
               +-------+-------+-------+-------+-------+----------------------
         Total | 100.0 | 100.0 |   N/A | 100.0 | 100.0 | 1780.4
       Dungeon |  79.0 |  79.5 |   N/A |   0.0 |  72.9 | 1887.1
  Orcish Mines |  21.0 |  20.5 |   N/A | 100.0 |  27.1 | 3864.0
               +-------+-------+-------+-------+-------+----------------------

Table legend: (Time is in decaauts)
 A = Elapsed time spent in this place.
 B = Non-inter-level travel time spent in this place.
 C = Inter-level travel time spent in this place.
 D = Time resting spent in this place.
 E = Time spent auto-exploring this place.
 F = Levels seen in this place.
 G = Mean time per level.
                   A        B        C        D        E       F      G
               +--------+--------+--------+--------+--------+-----+--------+
         Total |  22199 |  20574 |   1625 |   4591 |  12027 |  16 | 1387.4 |
       Dungeon |  19076 |  17478 |   1598 |   3394 |  10809 |  11 | 1734.2 |
  Orcish Mines |   3016 |   2989 |     27 |   1197 |   1179 |   2 | 1508.0 |
         Abyss |    106 |    106 |      0 |      0 |     39 |   3 |   35.3 |
               +--------+--------+--------+--------+--------+-----+--------+

Top non-repeatable levels by time:
     D:5: 2545 daAuts
    D:11: 2347 daAuts
     D:4: 2205 daAuts
     D:6: 2200 daAuts
     D:9: 1898 daAuts
    D:10: 1728 daAuts
     D:2: 1685 daAuts
     D:7: 1601 daAuts
   Orc:2: 1576 daAuts
   Orc:1: 1440 daAuts
     D:8: 1423 daAuts
     D:3: 819 daAuts
     D:1: 621 daAuts
 Abyss:1: 63 daAuts
 Abyss:2: 27 daAuts
